AoeStats
← [doGs] Charlie the Flamingo.

Black Forest

508489884Analyzed
3v3 RM · 9d ago on Sep 22, 2026· 72m 7s· 6 players
Game mode
Random Map
Map size
Normal (6 player)
Population
200
Speed
Normal
Resources
Standard
Victory
Conquest
Starting age
Dark Age
Ending age
Imperial Age
RankedLock teamsTeams togetherTeam positionsShared explorationLock speedFull tech treeHidden civsTurbo modeCheats
Victory
Defeat
🇸🇪 Teutons · Sweden
1005
+16
🇸🇪 Khmer · Sweden
989
+16
🇸🇪 Bengalis · Sweden
986
+16
1048
-18
🇩🇪 Khmer · Germany
996
-16
🇩🇪 Bohemians · Germany
940
-14
sese
2:03 Loom
4:54 Loom
11:24 Feudal Age
11:56 Double-Bit Axe
11:53 Horse Collar
20:22 Castle Age
18:12 Arson
18:42 Gold Mining
19:38 Forging
21:29 Heavy Plow
21:44 Bow Saw
21:25 Gambesons
21:42 Squires
21:47 Scale Mail Armor
22:24 Iron Casting
25:03 Wheelbarrow
30:02 Hand Cart
30:21 Stone Mining
30:49 Chain Mail Armor
35:58 Imperial Age
34:15 Bloodlines
33:59 Fletching
34:49 Town Watch
35:38 Ballistics
36:02 Elite Teutonic Knight
37:16 Plate Mail Armor
37:46 Blast Furnace
37:46 Crop Rotation
38:23 Two-Man Saw
38:54 Conscription
38:56 Ironclad
38:41 Bodkin Arrow
39:48 Chemistry
40:51 Stone Shaft Mining
40:20 Town Patrol
41:31 Padded Archer Armor
41:46 Masonry
41:48 Fortified Wall
50:52 Coinage
53:57 Pikeman
55:34 Halberdier
61:46 Caravan
alaad4
1:05 Loom
14:08 Feudal Age
17:43 Castle Age
16:07 Double-Bit Axe
16:51 Stone Mining
18:05 Horse Collar
33:29 Imperial Age
31:56 Wheelbarrow
31:07 Town Watch
31:45 Heavy Plow
32:33 Gold Mining
33:07 Fervor
33:25 Hand Cart
33:49 Caravan
34:10 Scale Barding Armor
34:06 Scale Mail Armor
34:19 Capped Ram
34:57 Pikeman
35:23 Arson
36:28 Conscription
36:44 Hoardings
38:05 Hoardings
38:41 Elite Ballista Elephant
38:49 Elite Ballista Elephant
41:17 Double Crossbow
40:41 Heavy Scorpion
43:19 Coinage
43:12 Tusk Swords
44:17 Bow Saw
44:39 Crop Rotation
44:34 Chain Barding Armor
44:05 Fletching
44:28 Forging
45:54 Onager
47:27 Siege Engineers
47:55 Ballistics
47:58 Chain Mail Armor
49:45 Light Cavalry
50:27 Husbandry
51:34 Plate Barding Armor
51:36 Iron Casting
51:11 Murder Holes
51:11 Heated Shot
52:58 Bloodlines
55:56 Halberdier
58:49 Chemistry
57:45 Murder Holes
59:35 Blast Furnace
58:26 Fletching
58:37 Padded Archer Armor
58:03 Elite Skirmisher
61:45 Hussar
63:02 Bodkin Arrow
63:23 Leather Archer Armor
69:03 Bracer
69:34 Ring Archer Armor
69:03 Siege Ram
Kingmaster.95
1:27 Loom
12:05 Feudal Age
12:28 Horse Collar
12:36 Double-Bit Axe
16:04 Town Watch
17:22 Gold Mining
20:48 Castle Age
18:41 Stone Mining
19:26 Arson
19:56 Forging
19:52 Scale Barding Armor
20:44 Scale Mail Armor
20:45 Padded Archer Armor
20:35 Fletching
21:45 Bow Saw
21:50 Heavy Plow
21:31 Man-at-Arms
22:13 Squires
24:01 Wheelbarrow
28:23 Hand Cart
30:56 Imperial Age
29:39 Fortified Wall
29:25 Murder Holes
32:26 Pikeman
32:28 Long Swordsman
32:54 Gambesons
33:41 Conscription
34:42 Conscription
34:58 Husbandry
35:44 Gold Shaft Mining
35:42 Crop Rotation
36:14 Two-Man Saw
35:45 Bloodlines
36:51 Caravan
37:22 Coinage
37:02 Guilds
36:57 Two-Handed Swordsman
37:58 Paiks
38:07 Masonry
39:07 Chain Mail Armor
38:56 Champion
40:12 Architecture
41:19 Iron Casting
40:16 Elite Skirmisher
43:04 Ballistics
43:45 Chemistry
43:03 Leather Archer Armor
42:44 Bodkin Arrow
43:10 Chain Barding Armor
42:38 Elite Ratha (Ranged)
43:37 Siege Elephant
43:45 Elite Battle Elephant
45:14 Banking
44:40 Halberdier
46:34 Onager
49:05 Mahayana
49:24 Plate Barding Armor
49:50 Blast Furnace
49:41 Elite Elephant Archer
49:47 Heavy Scorpion
57:37 Siege Engineers
63:38 Bracer
64:22 Ring Archer Armor
[doGs] Charlie the Flamingo.
0:30 Loom
16:00 Feudal Age
20:49 Castle Age
18:58 Stone Mining
18:50 Horse Collar
18:58 Double-Bit Axe
19:43 Gold Mining
20:41 Town Watch
22:24 Bow Saw
28:41 Murder Holes
28:40 Fletching
29:35 Wheelbarrow
30:28 Gold Shaft Mining
30:40 Wheelbarrow
30:29 Ballistics
30:20 Fortified Wall
31:51 Bodkin Arrow
32:22 Heavy Plow
33:12 Hand Cart
36:44 Imperial Age
34:22 Treadmill Crane
34:23 Clerical Recruitment
35:25 Sanctity
35:19 Padded Archer Armor
36:19 Town Patrol
36:32 Forging
36:38 Leather Archer Armor
36:23 Scale Mail Armor
36:35 Masonry
37:50 Conscription
40:02 Bracer
40:38 Thumb Ring
42:04 Ring Archer Armor
42:10 Iron Casting
41:51 Chain Mail Armor
42:39 Chemistry
42:09 Architecture
42:20 Hoardings
43:05 Two-Man Saw
41:48 Crossbowman
43:10 Arbalester
45:09 Shield Wall
46:47 Siege Engineers
46:30 Arrowslits
46:37 Guard Tower
47:19 Plate Mail Armor
47:11 Caravan
47:41 Coinage
48:22 Squires
48:07 Arson
47:43 Elite Varangian Guard
49:47 Onager
54:06 Keep
54:14 Elite Hearth Troop
55:04 Scale Barding Armor
55:49 Elite Skirmisher
55:54 Heavy Mounted Crossbowman
55:55 Cranequins
57:09 Husbandry
57:19 Bloodlines
56:30 Light Cavalry
[doGs] Luk&Trug.
1:54 Loom
12:16 Feudal Age
13:35 Horse Collar
15:03 Double-Bit Axe
19:33 Castle Age
21:00 Bow Saw
23:35 Chemistry
28:21 Murder Holes
31:26 Ballistics
34:23 Masonry
37:25 Imperial Age
37:23 Heavy Plow
37:59 Houfnice
38:54 Wagenburg Tactics
45:53 Husbandry
45:40 Light Cavalry
46:31 Scale Barding Armor
46:36 Forging
48:24 Bombard Tower
48:36 Architecture
65:02 Cavalier
[doGs] Walkuski.
0:31 Loom
14:51 Feudal Age
19:52 Castle Age
24:35 Wheelbarrow
25:58 Town Watch
28:45 Double-Bit Axe
29:22 Town Patrol
30:33 Bow Saw
31:43 Ballistics
31:26 Stone Mining
31:20 Horse Collar
32:12 Heavy Plow
33:27 Tusk Swords
34:36 Hand Cart
35:22 Forging
35:17 Scale Barding Armor
35:03 Fletching
39:56 Imperial Age
39:43 Fortified Wall
39:28 Murder Holes
39:24 Heated Shot
39:45 Masonry
40:30 Heavy Scorpion
42:18 Crop Rotation
44:09 Double Crossbow
43:34 Elite Ballista Elephant
44:35 Conscription
48:25 Chemistry
47:56 Architecture
47:32 Siege Engineers
47:18 Guard Tower
47:43 Gold Mining
48:31 Stone Shaft Mining
48:51 Iron Casting
48:12 Bodkin Arrow
48:38 Chain Barding Armor
48:18 Scale Mail Armor
48:19 Padded Archer Armor
50:02 Elite Battle Elephant
50:46 Husbandry
50:58 Bloodlines
50:11 Light Cavalry
51:50 Caravan
53:12 Keep
57:28 Hussar
Connection lost

Rejoining the realm…

Still unreachable

The connection could not be restored.

Session expired

The server has moved on; the page needs a fresh start.